 Dungeon Crawl Stone Soup version 0.22-a0-351-g29664b4 (webtiles) character file.

1257 Amnesiac the Quickloader (level 8, -2/42 HPs)
             Began as a Spriggan Hunter on Apr 13, 2018.
             Killed from afar by an electric eel (14 damage)
             ... with a bolt of electricity
             ... on level 6 of the Dungeon.
             The game lasted 00:09:22 (6021 turns).

Amnesiac the Quickloader (Spriggan Hunter)          Turns: 6021, Time: 00:09:23

Health: -2/42      AC:  3    Str: 13    XL:     8   Next: 26%
Magic:  9/9        EV: 23    Int: 13    God:
Gold:   272        SH:  0    Dex: 16    Spells: 7/7 levels left

rFire    . . .     SeeInvis +   a - +2 hand crossbow
rCold    . . .     Gourm    .   (shield restricted)
rNeg     . . .     Faith    .   c - +1 robe
rPois    .         Spirit   .   (helmet restricted)
rElec    .         Reflect  .   (no cloak)
rCorr    +         Harm     .   (gloves unavailable)
MR       +....                  (boots unavailable)
Stlth    ++........             (no amulet)
HPRegen  0.14/turn              o - ring of resist corrosion
MPRegen  0.11/turn              r - +3 ring of strength

@: very quick
A: very small, unfitting armour, see invisible, herbivore, speed 3, slow
metabolism 2
a: no special abilities


You were on level 6 of the Dungeon.
You were not hungry.

You visited 2 branches of the dungeon, and saw 7 of its levels.

You collected 272 gold pieces.

Inventory:

Hand Weapons
 a - a +2 hand crossbow (weapon)
 b - a +0 dagger of electrocution
 q - a +2 dagger of venom
Missiles
 d - 50 bolts (quivered)
 g - 167 stones
Armour
 c - a +1 robe (worn)
Jewellery
 o - a ring of resist corrosion (left hand)
 r - a +3 ring of strength (right hand)
 t - an uncursed ring of flight
Scrolls
 m - a scroll of remove curse {!r}
Potions
 e - a potion of haste {!q}
 h - a potion of agility {!q}
 l - a potion of might {!q}
 p - a potion of lignification {!q}
 u - a potion of curing {!q, unknown}
Comestibles
 f - 7 rations


   Skills:
 + Level 4.3 Fighting
 * Level 8.1 Crossbows
 + Level 8.0 Dodging
 - Level 1.5 Stealth


You had 7 spell levels left.
You didn't know any spells.

Dungeon Overview and Level Annotations

Branches:
Dungeon (6/15)             Temple (1/1) D:5

Altars:
Cheibriados
Dithmenos
Elyvilon
Fedhas
Hepliaklqana
Qazlal
Ru
Trog
Uskayaw
Vehumet
Wu Jian
Xom
Zin
The Shining One

Shops:
D:5 :


Innate Abilities, Weirdness & Mutations

You are very small and have problems with some larger weapons.
You are too small for most types of armour.
You have supernaturally acute eyesight. (SInv)
You are a herbivore.
You cover ground extremely quickly.
You need to consume almost no food.


Message History

Firing (i - inventory. (/) - cycle)
d - 52 bolts (quivered)
Press: ? - help, Shift-Dir - straight line, f - electric eel
Aim: an electric eel You shoot a bolt.
The bolt completely misses the electric eel.
You hear a splash.
The adder closely misses you.
The electric eel shoots out a bolt of lightning at you!
The bolt of electricity misses you.
The electric eel shoots out a bolt of lightning at you!
The bolt of electricity hits you!
* * * LOW HITPOINT WARNING * * *
There is a stone staircase leading up here.
The electric eel shoots out a bolt of lightning at you!
The bolt of electricity misses you. The adder barely misses you.
The dart slug launches a dart at you. The slug dart misses you.
You climb upwards.
There is a stone staircase leading down here.
The adder bites you.
* * * LOW HITPOINT WARNING * * *
Firing (i - inventory. (/) - cycle)
d - 51 bolts (quivered)
Press: ? - help, Shift-Dir - straight line, f - adder
Aim: an adder You shoot a bolt.
The bolt closely misses the adder.
Firing (i - inventory. (/) - cycle)
d - 50 bolts (quivered)
Press: ? - help, Shift-Dir - straight line, f/p - adder
Aim: an adder You shoot a bolt.
The bolt hits the adder!
You kill the adder!
d - 50 bolts (gained 1)
You see here an adder corpse.
You start resting.
You are feeling hungry.
You start resting.
HP restored.
You start resting.
HP restored.
You eat one of the 9 rations.
That ration really hit the spot!
You eat one of the 8 rations.
That ration really hit the spot!
There is a stone staircase leading down here.
You climb downwards.
You hear the hiss of flowing sand.
There is an entrance to an ossuary on this level.
Hurry and find it before the portal is buried!
You hear the quick hiss of a very distant avalanche of sand.
The electric eel shoots out a bolt of lightning at you!
The bolt of electricity hits you! The dart slug launches a dart at you.
The slug dart misses you.
The electric eel shoots out a bolt of lightning at you!
The bolt of electricity misses you.
The electric eel shoots out a bolt of lightning at you!
The bolt of electricity misses you.
The electric eel shoots out a bolt of lightning at you!
The bolt of electricity hits you!
There is a stone staircase leading up here.
Unknown command.
Okay, then.
The electric eel shoots out a bolt of lightning at you!
The bolt of electricity hits you!
* * * LOW HITPOINT WARNING * * *
The electric eel shoots out a bolt of lightning at you!
The bolt of electricity hits you!
You die...

...##≈≈.≈≈##.#
#.#...≈≈≈≈≈≈≈...
.#.#.≈≈w;≈≈≈≈w≈≈#
....≈≈#≈≈;≈≈#;≈≈≈
....≈≈≈≈≈≈≈≈≈≈≈≈≈
...≈w≈≈≈≈≈≈≈≈≈≈#;
.#≈≈≈≈.≈≈≈≈≈#≈≈≈≈
..≈≈≈.≈#≈@..≈...≈
#.$<..<.[..$≈
#≈≈≈..≈;(.(#≈.≈≈
#.≈#≈≈≈≈≈≈≈≈# ≈≈≈
...≈≈≈≈≈≈≈≈≈≈≈≈ ≈
....w≈≈≈≈≈≈≈≈≈≈≈
....≈w≈≈≈≈≈≈#≈≈≈
.....#≈≈≈≈≈≈##≈#
.......≈≈≈≈≈≈ ..


You could see 5 electric eels and 5 dart slugs.

Vanquished Creatures
  The ghost of whitenoisemaker the Ruffian, a novice TrFi of Qazlal (D:5)
  2 phantoms
  An ice beast (D:4)
  An ogre (D:4)
  A scorpion (D:5)
  A hound (D:4)
  An orc wizard (D:3)
  A centaur skeleton (D:5)
  A worker ant (D:4)
  3 gnolls (D:5)
  14 adders
  2 adder skeletons
  An adder zombie (D:5)
  4 worms
  3 dart slugs
  4 leopard geckos
  8 orcs (D:3)
  5 ball pythons
  5 bats
  4 giant cockroaches
  9 goblins
  8 hobgoblins
  4 jackals (D:3)
  2 quokkas
  8 frilled lizards
  A jackal skeleton (D:4)
  11 kobolds
  6 rats
  A plant (D:3)
113 creatures vanquished.

Notes
Turn   | Place    | Note
-------+----------+-------------------------------------------
     0 | D:1      | Amnesiac the Spriggan Hunter began the quest for the Orb.
     0 | D:1      | Reached XP level 1. HP: 10/10 MP: 2/2
   134 | D:1      | Reached XP level 2. HP: 10/14 MP: 3/3
   867 | D:2      | Reached XP level 3. HP: 16/18 MP: 4/4
  1128 | D:2      | Reached XP level 4. HP: 18/23 MP: 5/5
  1292 | D:2      | HP: 1/23 [worm (9)]
  1838 | D:3      | Reached skill level 5 in Crossbows
  1952 | D:3      | Reached skill level 5 in Dodging
  2019 | D:3      | Reached XP level 5. HP: 10/27 MP: 6/6
  3156 | D:4      | Noticed an ogre
  3195 | D:4      | Killed an ogre
  3195 | D:4      | Reached XP level 6. HP: 32/32 MP: 7/7
  3292 | D:4      | Noticed an ice beast
  3316 | D:4      | Killed an ice beast
  3707 | D:4      | Reached XP level 7. HP: 23/36 MP: 8/8
  4222 | D:5      | Entered Level 5 of the Dungeon
  4222 | D:5      | Found a white marble altar of Elyvilon.
  4259 | D:5      | Found a staircase to the Ecumenical Temple.
  4259 | D:5      | Noticed whitenoisemaker's ghost (novice TrFi)
  4265 | Temple   | Entered the Ecumenical Temple
  4636 | D:5      | Found Qaofit Muisk's Book Shoppe.
  4869 | D:5      | Found a blossoming altar of Fedhas.
  4870 | D:5      | Found a white marble altar of Elyvilon.
  5131 | D:5      | Found a shadowy altar of Dithmenos.
  5617 | D:5      | Killed whitenoisemaker's ghost
  5617 | D:5      | Reached XP level 8. HP: 42/42 MP: 9/9
  6021 | D:6      | Killed from afar by an electric eel

Vault maps used:
D:1:      minmay_arrival_stone_box
D:2:      first_ration
D:3:      minmay_shallow_snake_nest
D:5:      gammafunk_temple_overflow_statue, temple_green, serial_shops, shop,
          basic_altar, grunt_dithmenos_shadows
D:6:      kennysheep_slugbush, lightli_ossuary_entry_decrepit_ruins,
          serial_shops, nicolae_shop_crystal, shop, nicolae_shop_behind_doors,
          kennysheep_mini_moat, shop
Temple:   nicolae_temple_hex_pool

Skill      XL: |  1  2  3  4  5  6  7 |
---------------+----------------------+-----
Dodging        | 4 5 6 8 |  8.0
Fighting       | 2 3 4 |  4.3
Crossbows      | 5 6 8 |  8.1
Stealth        | |  1.5

Action                   |  1- 3 |  4- 6 |  7- 9 || total
-------------------------+-------+-------+-------++-------
Melee: Short sword       |    32 |       |       ||    32
       Dagger            |    74 |   127 |   102 ||   303
 Fire: Hand crossbow     |     1 |    93 |    27 ||   121
  Use: Scroll            |       |     6 |     5 ||    11
 Stab: Sleeping          |     6 |     3 |     2 ||    11
       Distracted        |       |     1 |       ||     1
  Eat: Ration            |       |     1 |     2 ||     3
Armor: Robe              |    12 |     8 |     3 ||    23
Dodge: Dodged            |    68 |   137 |    92 ||   297

Table legend:
 A = Spawn XP
 B = Non-spawn XP
 C = Spawn XP percentage of total XP
 D = Spawn monster count
 E = Non-spawn monster count
 F = Spawn count percentage of total count
 G = Total turns spent on level
                    A         B        C        D         E        F      G
               +---------+---------+-------+---------+---------+-------+---------
         Total |       0 |    1796 |   0.0 |       0 |     112 |   0.0 |  6021
               +---------+---------+-------+---------+---------+-------+---------
           D:1 |       0 |      35 |   0.0 |       0 |      21 |   0.0 |   739
           D:2 |       0 |      84 |   0.0 |       0 |      22 |   0.0 |  1031
           D:3 |       0 |     192 |   0.0 |       0 |      43 |   0.0 |  1372
           D:4 |       0 |     483 |   0.0 |       0 |      11 |   0.0 |  1115
           D:5 |       0 |    1002 |   0.0 |       0 |      15 |   0.0 |  1673
               +---------+---------+-------+---------+---------+-------+---------
